 Dungeon Crawl Stone Soup version 0.29-a0-872-g797fff5ad1 (webtiles) character file.

Game seed: 2635932619242664482

699 jimonade the Covert (level 7, -3/40 HPs)
             Began as a Kobold Brigand on July 18, 2022.
             Was a Believer of Okawaru.
             Splashed by a jelly's acid (5 damage)
             ... on level 6 of the Dungeon.
             The game lasted 00:06:17 (4866 turns).

jimonade the Covert (Kobold Brigand)                Turns: 4866, Time: 00:06:18

Health: -3/40      AC:  3    Str:  8    XL:     7   Next: 97%
Magic:  8/8        EV: 15    Int: 12    God:    Okawaru [**....]
Gold:   159        SH:  0    Dex: 19    Spells: 6/6 levels left

rFire   . . .      SeeInvis .   a - +2 dagger
rCold   . . .      Faith    .   (no shield)
rNeg    . . .      Spirit   .   b - +0 robe
rPois   .          Reflect  .   (no helmet)
rElec   .          Harm     .   c - +0 cloak
rCorr   .          Rampage  .   (no gloves)
Will    .....                   (no boots)
Stlth   ++++++....              r - amulet of the acrobat
HPRegen 0.13/turn               (no ring)
MPRegen 0.11/turn               (no ring)

@: no status effects
A: small, no large weapons, nightstalker 3
a: Renounce Religion, Heroism


You were on level 6 of the Dungeon.
You worshipped Okawaru.
Okawaru was pleased with you.
You visited 1 branch of the dungeon, and saw 5 of its levels.

You collected 159 gold pieces.

Inventory:

Hand Weapons
 a - a +2 dagger (weapon)
 h - a +0 short sword
 i - a +0 long sword
Missiles
 d - 15 poisoned darts (quivered)
 e - 2 curare-tipped darts
Armour
 b - a +0 robe (worn)
 c - a +0 cloak (worn)
 t - a +0 leather armour
Jewellery
 k - a ring of resist corrosion
 r - an amulet of the acrobat (around neck)
Scrolls
 f - 13 scrolls of identify {unknown}
 g - 2 scrolls of teleportation {unknown}
 j - a scroll of vulnerability {unknown}
 m - 2 scrolls of enchant weapon {unknown}
 n - 2 scrolls of fear {unknown}
 s - 2 scrolls of poison {unknown}
 v - 3 scrolls of magic mapping {unknown}
 y - a scroll of noise {unknown}
 B - 2 scrolls of immolation {unknown}
 C - 3 scrolls of enchant armour {unknown}
 D - a scroll of summoning {unknown}
Potions
 l - a potion of cancellation {unknown}
 o - a potion of degeneration {unknown}
 p - 2 potions of lignification {unknown}
 q - a potion of attraction {unknown}
 u - 2 potions of might {unknown}
 w - a potion of resistance {unknown}
 x - a potion of magic {unknown}
 z - a potion of flight {unknown}
 A - 2 potions of heal wounds {unknown}
 E - a potion of curing {unknown}


   Skills:
 + Level 2.9 Fighting
 + Level 4.2 Short Blades
 - Level 2.1 Throwing
 + Level 2.1 Dodging
 * Level 11.1 Stealth
 * Level 2.5 Invocations


You had 6 spell levels left.
You didn't know any spells.
Your spell library contained the following spells:

 Spells                   Type           Power      Damage    Failure   Level
 Portal Projectile        Hex/Tloc       0%         N/A       69%         3
 Blade Hands              Tmut           0%         N/A       100%        5
 Tukima's Dance           Hex            Unusable   N/A       N/A         3

Dungeon Overview and Level Annotations

Branches:
Dungeon (4/15)
 Temple: D:4-7

Altars:
Ashenzari
Okawaru
Zin

Shops:
D:2 (   D:3 =


Innate Abilities, Weirdness & Mutations

You are small and have problems with some larger weapons.
You are completely attuned to the shadows.


Message History

You add the spells Portal Projectile and Blade Hands to your library.
You now have enough gold to buy a ring of see invisible on D:3.
You can access your shopping list by pressing '$'.
You now have 159 gold pieces (gained 10).
f - 13 scrolls labelled OFYEZE JEIX (gained 1)
The jelly quivers.
You hit the jelly.
Your hands burn!
The jelly is lightly wounded.
The jelly hits you.
You are splashed with acid!
You hit the jelly.
Your hands burn!
The jelly is lightly wounded.
The jelly hits you but does no damage.
You completely miss the jelly.
The jelly is lightly wounded.
The jelly hits you but does no damage.
You hit the jelly.
Your hands burn!
The jelly is lightly wounded.
You hit the jelly.
Your hands burn!
The jelly is moderately wounded.
The jelly completely misses you.
You hit the jelly.
Your hands burn!
The jelly is moderately wounded.
The jelly hits you but does no damage.
You hit the jelly.
Your hands burn!
* * * LOW HITPOINT WARNING * * *
The jelly is moderately wounded.
The jelly misses you.
You hit the jelly.
Your hands burn!
* * * LOW HITPOINT WARNING * * *
The jelly is heavily wounded.
The jelly barely misses you.
You hit the jelly.
Your hands burn!
* * * LOW HITPOINT WARNING * * *
The jelly is heavily wounded.
You hit the jelly.
Your hands burn!
* * * LOW HITPOINT WARNING * * *
The jelly is heavily wounded.
The jelly barely misses you.
You hit the jelly.
Your hands burn!
You die...

.##..##...>.......#
..)...##<###.#######
#...........>#
####..######.#
###..######.#
#...........#
#.##.###.#### #.##J#
#.# ### ####.##@# #.#
##.## ........#
#.###...##
####.##.###.##.....##
#.#..............#
#......#.##.....##
#........###...##
.##### ##.## #.# #.#


You could see a jelly.

Vanquished Creatures
  Sigmund (D:3)
  2 orc warriors (D:6)
  A phantom (D:4)
  A howler monkey (D:6)
  A jelly (D:6)
  An orc wizard (D:6)
  3 gnolls (D:6)
  6 adders
  A white imp (D:6)
  2 worms
  A dart slug (D:3)
  5 orcs (D:6)
  2 ball pythons (D:2)
  5 endoplasms
  3 giant cockroaches
  7 goblins
  3 hobgoblins
  8 jackals
  5 kobolds (D:1)
  6 quokkas
  2 bats
  A frilled lizard (D:1)
  4 rats
71 creatures vanquished.

Notes
Turn   | Place    | Note
-------+----------+-------------------------------------------
     0 | D:1      | jimonade the Kobold Brigand began the quest for the Orb.
     0 | D:1      | Reached XP level 1. HP: 12/12 MP: 1/1
   207 | D:1      | Reached XP level 2. HP: 17/17 MP: 2/2
   365 | D:1      | Found a faded altar of an unknown god.
   398 | D:1      | Reached skill level 6 in Stealth
   475 | D:1      | Reached XP level 3. HP: 13/21 MP: 3/3
  1103 | D:2      | Found Sep Kuhu's Antique Weapon Boutique.
  1347 | D:2      | Reached XP level 4. HP: 27/27 MP: 4/4
  1386 | D:2      | Reached skill level 7 in Stealth
  2084 | D:3      | Found an iron altar of Okawaru.
  2089 | D:3      | Became a worshipper of Warmaster Okawaru
  2242 | D:3      | Found Unomoimac's Jewellery Boutique.
  2435 | D:3      | Reached XP level 5. HP: 31/31 MP: 5/5
  2601 | D:3      | Noticed Sigmund
  2604 | D:3      | Killed Sigmund
  2604 | D:3      | Reached * piety under Okawaru
  2605 | D:3      | Reached skill level 9 in Stealth
  2605 | D:3      | Reached skill level 1 in Invocations
  2605 | D:3      | Reached XP level 6. HP: 36/36 MP: 6/6
  2875 | D:3      | Found a glowing silver altar of Zin.
  3531 | D:4      | You fall into a shaft and drop 2 floors!
  3634 | D:6      | Reached XP level 7. HP: 40/40 MP: 8/8
  3681 | D:6      | HP: 2/40 [something (3)]
  3685 | D:6      | Reached skill level 10 in Stealth
  4092 | D:6      | Found a broken altar of Ashenzari.
  4478 | D:6      | Reached ** piety under Okawaru
  4479 | D:6      | Reached skill level 11 in Stealth
  4865 | D:6      | HP: 2/40 [acid (4)]
  4866 | D:6      | Splashed by a jelly's acid

Illustrated notes

Levels and vault maps discovered:
D:1:      minmay_arrival_plants_in_alcoves, layout_loops_cross,
          ebering_ecumenical_altar_rust, minmay_misc_feat_iff
D:2:      layout_loops_corners, serial_shops, shop, st_stairs_3
D:3:      layout_basic, zin_scriptorium, okawaru_ov_weapons_minmay,
          serial_shops, nicolae_shop_crystal, uniq_sigmund
D:4:      layout_loops_cross
D:6:      layout_loops_corners, evilmike_ruin_ashenzari, dreamdust_gnoll_farm

Skill      XL: |  1  2  3  4  5  6  7 |
---------------+----------------------+-----
Stealth        | 6 7 9 11 | 11.1
Short Blades   | 3 4 |  4.2
Invocations    | 1 2 |  2.5
Dodging        | 2 |  2.1
Fighting       | |  2.9
Throwing       | |  2.1

Action                   |  1- 3 |  4- 6 |  7- 9 || total
-------------------------+-------+-------+-------++-------
Melee: Dagger            |    51 |    72 |    44 ||   167
       Punch             |     2 |     2 |     1 ||     5
Throw: Dart              |       |       |    12 ||    12
Invok: Heroism           |       |       |     1 ||     1
 Stab: Sleeping          |    17 |    22 |     6 ||    45
       Distracted        |       |     2 |       ||     2
Armor: Robe              |     2 |     6 |     6 ||    14
Dodge: Dodged            |    23 |    20 |    21 ||    64

Table legend: (Time is in decaauts)
 A = Elapsed time spent in this place.
 B = Non-inter-level travel time spent in this place.
 C = Inter-level travel time spent in this place.
 D = Time resting spent in this place.
 E = Time spent auto-exploring this place.
 F = Levels seen in this place.
 G = Mean time per level.
                   A        B        C        D        E       F      G
               +--------+--------+--------+--------+--------+-----+--------+
         Total |   4834 |   4772 |     62 |    861 |   3287 |   5 |  966.8 |
       Dungeon |   4834 |   4772 |     62 |    861 |   3287 |   5 |  966.8 |
               +--------+--------+--------+--------+--------+-----+--------+

Top non-repeatable levels by time:
     D:6: 1324 daAuts
     D:1: 1072 daAuts
     D:2: 920 daAuts
     D:3: 904 daAuts
     D:4: 612 daAuts
